 Dungeon Crawl Stone Soup version 0.31-a0-331-geda263fcf1 (webtiles) character file.

Game seed: 12220477825116857984

20 mopl the Changeling (level 2, -3/19 HPs)
             Began as an Octopode Shapeshifter on July 19, 2023.
             Slain by a goblin
             ... wielding a +0 dagger
             ... led by Robin
              (6 damage)
             ... on level 2 of the Dungeon.
             The game lasted 00:00:40 (712 turns).

mopl the Changeling (Octopode Shapeshifter)          Turns: 712, Time: 00:00:40

Health: -3/19      AC:  1    Str: 14    XL:     2   Next: 79%
Magic:  2/2        EV: 13    Int: 10    God:
Gold:   53         SH:  0    Dex: 12    Spells: 1/1 levels left

rFire   . .          .
                       - Unarmed
rCold   . . .        (no shield)
rNeg    . . .        (helmet currently unavailable)
rPois   .            (no amulet)
rElec   .            (no ring)
rCorr   .            (no ring)
SInv    .            (no ring)
Will    .....        (no ring)
Stlth   ++           (no ring)
HPRegen 0.23/turn    (no ring)
MPRegen 0.08/turn    (no ring)
                     (no ring)

%: no passive effects
@: beast-form
A: beast (slay +2), almost no armour, amphibious, 8 rings, camouflage 1,
gelatinous body 1, (nimble swimmer 1), tentacles
a: Begin Untransformation


You were on level 2 of the Dungeon.
You were a hulking beast.
You visited 1 branch of the dungeon, and saw 2 of its levels.

You collected 53 gold pieces.

Inventory:

Missiles
 l - 2 atropa-tipped darts
Talismans
 b - a beast talisman
Scrolls
 e - a scroll of blinking {unknown}
 g - 2 scrolls of teleportation
 h - a scroll of immolation {unknown}
 i - a scroll of vulnerability {unknown}
 j - a scroll of noise {unknown}
 k - 3 scrolls of identify {unknown}
 m - a scroll of fog {unknown}
Potions
 a - 2 potions of lignification {!q}
 c - 2 potions of mutation {unknown}
 d - 2 potions of degeneration {unknown}
 f - 2 potions of cancellation {unknown}


   Skills:
 + Level 2.2 Fighting
 + Level 2.2 Dodging
 * Level 2.4 Unarmed Combat
 * Level 3.2 Shapeshifting


You had one spell level left.
You didn't know any spells.
Your spell library was empty.

Dungeon Overview and Level Annotations

Branches:
Dungeon (2/15)

Altars:

Annotations:
D:2 Robin


Innate Abilities, Weirdness & Mutations

You are a hulking beast.
Your limbs bulge with bestial killing power. (Slay +2)
You cannot wear most types of armour.
You are amphibious.
You can wear up to eight rings at the same time.
Your skin changes colour to match your surroundings (Stealth+).
Your rubbery body absorbs attacks. (AC +1, EV +1)
((You are camouflaged when in or above water. (Stealth+)))
You have tentacles for arms and can constrict up to eight enemies at once.


Message History

You hear a shout!
Robin roars a battlecry!
The goblins go into a battle-frenzy!
A goblin comes into view. It is wielding a +0 dagger. x2
You barely miss the goblin. You grab the goblin. You constrict the goblin.
Robin flexes a bicep menacingly.
Robin throws the goblin at you! The goblin hits you with a club.
The goblin hits you with a +0 dagger.
You are too injured to fight recklessly!
You are too injured to fight recklessly!
You are too injured to fight recklessly!
You are too injured to fight recklessly!
You are too injured to fight recklessly!
You are too injured to fight recklessly!
You are too injured to fight recklessly!
You are too injured to fight recklessly!
You are too injured to fight recklessly!
You are too injured to fight recklessly!
You are too injured to fight recklessly!
You are too injured to fight recklessly!
Unknown command.
You tentacle-slap the goblin.
You kill the goblin!
You constrict the goblin.
You kill the goblin!
Robin throws the goblin at you! The goblin hits you but does no damage.
Unknown command.
You tentacle-slap the goblin. Your grab misses the goblin.
The goblin is moderately wounded.
A hobgoblin comes into view.
The goblin hits you with a +0 dagger.
* * * LOW HITPOINT WARNING * * *
The goblin hits you with a +0 club.
* * * LOW HITPOINT WARNING * * *
You tentacle-slap the goblin. Your grab misses the goblin.
The goblin is moderately wounded.
The goblin closely misses you.
A hobgoblin comes into view.
The goblin hits you with a +0 dagger.
You die...

####.### #.#
##.# #..#
#.## #.# #
#.#
#ggg#######.#


#gggghg...# ########### You could see Robin, 2 hobgoblins and 5 goblins.

Vanquished Creatures
  A dart slug (D:2)
  A giant cockroach (D:1)
  2 goblins (D:2)
  4 hobgoblins (D:1)
  2 jackals (D:1)
  3 ball pythons
  A bat (D:2)
  3 rats (D:1)
17 creatures vanquished.

Notes
Turn   | Place    | Note
-------+----------+-------------------------------------------
     0 | D:1      | mopl the Octopode Shapeshifter began the quest for the Orb.
     0 | D:1      | Reached XP level 1. HP: 14/14 MP: 1/1
   111 | D:1      | Reached XP level 2. HP: 14/19 MP: 2/2
   707 | D:2      | Noticed Robin
   712 | D:2      | Slain by a goblin

Illustrated notes

Levels and vault maps discovered:
D:1:      amcnicky_arrival_choice, layout_loops_ring, hangedman_decor_lopped
D:2:      layout_loops_cross, serial_shops, shop, nicolae_eternal_life,
          grunt_ministairs_11, uniq_robin

Action                     || total
---------------------------++-------
  Melee: Unarmed           ||    33
         Constrict         ||    10
         Tentacles         ||     5
    Use: Scroll            ||     1
   Stab: Sleeping          ||     1
 Armour: Skin              ||     1
  Dodge: Dodged            ||    15

Table legend: (Time is in decaauts)
 A = Elapsed time spent in this place.
 B = Non-inter-level travel time spent in this place.
 C = Inter-level travel time spent in this place.
 D = Time resting spent in this place.
 E = Time spent auto-exploring this place.
 F = Levels seen in this place.
 G = Mean time per level.
                   A        B        C        D        E       F      G
               +--------+--------+--------+--------+--------+-----+--------+
         Total |    710 |    683 |     27 |      0 |    572 |   2 |  355.0 |
       Dungeon |    710 |    683 |     27 |      0 |    572 |   2 |  355.0 |
               +--------+--------+--------+--------+--------+-----+--------+

Top non-repeatable levels by time:
     D:1: 633 daAuts
     D:2: 76 daAuts
